 Dungeon Crawl Stone Soup version 0.28.0-53-g5a82cb258f (webtiles) character file.

Game seed: 435622998445285395

162 Theotherone the Conjurer (level 5, -1/28 HPs)
             Began as a Deep Elf Conjurer on June 26, 2022.
             Slain by a kobold
             ... wielding a +0 short sword
              (2 damage)
             ... in a sewer on July 3, 2022.
             The game lasted 00:14:14 (3640 turns).

Theotherone the Conjurer (Deep Elf Conjurer)        Turns: 3640, Time: 00:14:14

Health: -1/28      AC:  2    Str:  4    XL:     5   Next: 19%
Magic:  0/13       EV: 12    Int: 25    God:
Gold:   40         SH:  0    Dex: 13    Spells: 1/12 levels left

rFire   . . .      SeeInvis .   f - +0 short sword (elec)
rCold   . . .      Faith    .   (no shield)
rNeg    . . .      Spirit   .   a - +0 robe
rPois   .          Reflect  .   (no helmet)
rElec   .          Harm     .   (no cloak)
rCorr   .          Rampage  .   (no gloves)
Will    .....                   (no boots)
Stlth   ++........              (no amulet)
HPRegen 0.09/turn               (no ring)
MPRegen 0.13/turn               (no ring)

@: lethally poisoned (-1 -> -2)
A: no striking features
a: no special abilities


You were in a sewer.
You visited 1 branch of the dungeon, and saw 3 of its levels.
You also visited: Sewer.

You collected 40 gold pieces.

Inventory:

Hand Weapons
 e - a +0 whip
 f - a +0 short sword of electrocution (weapon)
 m - a +2 dagger of holy wrath
 n - a +0 hand crossbow
Missiles
 o - 10 bolts
Armour
 a - a +0 robe (worn)
Scrolls
 d - a scroll of blinking {unknown}
 h - a scroll of identify {unknown}
 i - a scroll of amnesia {unknown}
 j - a scroll of fog {unknown}
 k - a scroll of vulnerability {unknown}
Potions
 b - 2 potions of curing {unknown}
 c - a potion of flight {unknown}
 g - a potion of heal wounds {unknown}
 l - a potion of resistance {unknown}


   Skills:
 - Level 2.7 Dodging
 - Level 2.8 Stealth
 - Level 4.4 Spellcasting
 - Level 5.2 Conjurations
 + Level 3.2 Translocations


You had one spell level left.
You knew the following spells:

 Your Spells              Type           Power      Damage    Failure   Level
a - Magic Dart            Conj           100%       1d8       1%          1
b - Searing Ray           Conj           62%        2d6       1%          2
c - Fulminant Prism       Conj/Hex       9%         3d7       30%         4
d - Iskenderun's Mystic   Conj/Tloc      26%        2d7       16%         4

Your spell library contained the following spells:

 Spells                   Type           Power      Damage    Failure   Level
 Dazzling Flash           Conj/Hex       36%        N/A       9%          3


Dungeon Overview and Level Annotations

Branches:
Dungeon (3/15)              Sewer (1/1)

Altars:


Message History

Casting: Searing Ray (safe; 1% risk of failure)
Confirm with . or Enter, or press ? or * to list all spells.
Aiming: Magic Dart (safe; 1% risk of failure)
Press: ? - help, Shift-Dir - straight line, f - shadow imp
Aim: a shadow imp (heavily wounded, 100% to hit)
The magic dart hits the shadow imp!
You kill the shadow imp!
The kobold brigand throws a poisoned dart.
The poisoned dart barely misses you.
Casting: Magic Dart (safe; 1% risk of failure)
Confirm with . or Enter, or press ? or * to list all spells.
Aiming: Magic Dart (safe; 1% risk of failure)
Press: ? - help, Shift-Dir - straight line, f - kobold brigand
Aim: a kobold brigand, wielding a +0 short sword and quivering poisoned darts (lightly wounded, 100% to hit)
The magic dart hits the kobold brigand but does no damage.
The kobold brigand is lightly wounded.
The kobold brigand throws a poisoned dart.
The poisoned dart hits you.
You are poisoned.
Casting: Magic Dart (safe; 1% risk of failure)
Confirm with . or Enter, or press ? or * to list all spells.
Aiming: Magic Dart (safe; 1% risk of failure)
Press: ? - help, Shift-Dir - straight line, f/p - kobold brigand
Aim: a kobold brigand, wielding a +0 short sword and quivering poisoned darts (lightly wounded, 100% to hit)
The magic dart hits the kobold brigand.
The kobold brigand is lightly wounded.
You feel sick.
You hit the kobold but do no damage.
You feel sick.
The giant cockroach completely misses you.
The kobold hits you but does no damage.
You hit the kobold but do no damage.
You feel sick. The giant cockroach bites you.
* * * LOW HITPOINT WARNING * * *
The kobold misses you.
Your magical contamination has completely faded away.
You hit the kobold but do no damage.
* * * LOW HITPOINT WARNING * * *
You feel sick. The giant cockroach barely misses you.
The kobold hits you with a +0 short sword.
You die...

≈≈≈≈≈≈≈ ≈≈≈###!.!## ≈≈≈≈≈≈≈
.≈≈##≈...≈#
################≈###≈...≈#
≈≈≈≈≈≈≈≈≈..)†.≈##≈...≈#
≈≈≈≈≈≈≈≈≈≈≈≈≈.#)≈≈##≈...≈#
≈≈≈≈≈≈≈≈≈≈≈≈≈.#.≈≈##≈...≈#
≈≈≈≈≈≈≈≈≈≈≈≈≈.#.≈≈##≈...≈#
≈≈≈≈≈≈≈≈≈≈≈...#K≈≈###'''##
≈≈≈≈≈≈≈≈≈≈≈...#.@≈##B5...##
##≈#≈≈###≈#†####B###K.○...#≈
............≈≈#5KK#.....○.'..
.........))≈≈≈≈...'.○._...'..
..).........≈≈#...#.....○.'..
#≈##≈##≈###.####.###..°...#≈≈
≈≈≈≈≈≈≈≈≈≈≈...#)≈≈##.....####
≈≈≈≈≈≈≈≈≈≈≈≈..#.≈≈###'''##
≈≈≈≈≈≈≈≈≈≈≈≈≈.#.≈≈# ≈...≈#


You could see a kobold brigand, a shadow imp, a giant cockroach and 2 kobolds.

Vanquished Creatures
  A quasit (Sewer)
  2 adders (D:2)
  2 shadow imps (Sewer)
  5 ufetubi (Sewer)
  A worm (D:2)
  3 orcs
  3 ball pythons
  5 endoplasms
  5 giant cockroaches
  4 goblins
  5 hobgoblins
  16 kobolds
  3 quokkas (D:1)
  5 bats
  2 frilled lizards
  3 rats
65 creatures vanquished.

Vanquished Creatures (others)
  A kobold zombie (Sewer)
1 creature vanquished.

Grand Total: 66 creatures vanquished

Notes
Turn   | Place    | Note
-------+----------+-------------------------------------------
     0 | D:1      | Theotherone the Deep Elf Conjurer began the quest for the
                  | Orb.
     0 | D:1      | Reached XP level 1. HP: 10/10 MP: 6/6
   212 | D:1      | Reached XP level 2. HP: 15/15 MP: 2/8
  1232 | D:2      | Learned a level 2 spell: Searing Ray
  1436 | D:2      | Reached XP level 3. HP: 19/19 MP: 8/10
  1648 | D:2      | Reached skill level 5 in Conjurations
  2666 | D:2      | Reached XP level 4. HP: 12/24 MP: 4/12
  2824 | D:3      | Found a glowing drain.
  2830 | D:3      | HP: 1/24 [river rat (6)]
  2834 | Sewer    | Entered a sewer
  3217 | Sewer    | Learned a level 4 spell: Fulminant Prism
  3222 | Sewer    | Learned a level 4 spell: Iskenderun's Mystic Blast
  3361 | Sewer    | Reached skill level 1 in Translocations
  3448 | Sewer    | Reached XP level 5. HP: 23/28 MP: 4/13
  3618 | Sewer    | Found a burning altar of Makhleb.
  3640 | Sewer    | HP: 1/28 [poisoned by a kobold brigand]
  3640 | Sewer    | Slain by a kobold

Illustrated notes

Levels and vault maps discovered:
D:1:      dpeg_arrival_three_same_balls, layout_basic,
          hangedman_decor_diamond_cutter, amethyst_killhole
D:2:      layout_loops_ring
D:3:      layout_rooms, cheibrodos_sewer_entry_sluice,
          nicolae_ecumenical_lake_church, uniq_ijyb, uniq_robin
Sewer:    kennysheep_sewer_church

Skill      XL: |  1  2  3  4  5 |
---------------+----------------+-----
Spellcasting   | 4 |  4.4
Conjurations   | 5 |  5.2
Translocations | 2 3 |  3.2
Dodging        | |  2.7
Stealth        | |  2.8

Action                   |  1- 3 |  4- 6 || total
-------------------------+-------+-------++-------
Melee: Whip              |    11 |     2 ||    13
       Short sword       |       |     4 ||     4
 Cast: Magic Dart        |    83 |    48 ||   131
       Searing Ray       |     2 |     2 ||     4
  Use: Scroll            |     1 |       ||     1
Armor: Robe              |     6 |    13 ||    19
Dodge: Dodged            |    16 |    55 ||    71
